 Dungeon Crawl Stone Soup version 0.20-a0-984-ge8aa303 (webtiles) character file.

30014 Lochraine the Destroyer (level 13, -9/80 HPs)
             Began as a Gargoyle Venom Mage on Apr 6, 2017.
             Was a High Priest of Vehumet.
             Killed from afar by a lindwurm (16 damage)
             ... with a blast of flame
             ... on level 3 of the Lair of Beasts on Apr 10, 2017.
             The game lasted 01:23:30 (15852 turns).

Lochraine the Destroyer (Gargoyle Venom Mage)      Turns: 15852, Time: 01:23:30

Health: -9/80      AC: 22    Str: 14    XL:     13   Next: 49%
Magic:  14/23      EV: 16    Int: 19    God:    Vehumet [*****.]
Gold:   872        SH:  0    Dex: 15    Spells: 3/26 levels left

rFire    . . .     SeeInvis .   I - +1 flail (protect)
rCold    . . .     Gourm    .   (no shield)
rNeg     + . .     Faith    +   U - +0 troll leather armour
rPois    ∞         Spirit   .   O - +2 helmet of Icrapiba {rCorr}
rElec    +         Reflect  .   (no cloak)
rCorr    +         Harm     .   o - +1 pair of gloves
MR       .....                  D - +0 pair of boots
Stlth    +++.......             T - amulet of faith
Regen    0.7/turn               e - +1 ring of protection
MPRegen  0.2/turn               Y - +5 ring of dexterity

@: very slightly contaminated
A: negative energy resistance 1, electricity resistance, unbreathing,
petrification resistance, rot immunity, AC +9
a: Renounce Religion


You were on level 3 of the Lair of Beasts.
You worshipped Vehumet.
Vehumet was extremely pleased with you.
You were not hungry.

You visited 3 branches of the dungeon, and saw 16 of its levels.

You collected 872 gold pieces.

Inventory:

Hand Weapons
 g - a +0 rapier of speed
 p - a +2 dagger of draining
 I - a +1 flail of protection (weapon)
Armour
 o - a +1 pair of gloves (worn)
 D - a +0 pair of boots (worn)
 O - the +2 helmet of Icrapiba (worn) {rCorr}
   (You found it on level 11 of the Dungeon)

   It protects you from acid and corrosion.
 U - a +0 troll leather armour (worn)
Jewellery
 e - a +1 ring of protection (left hand)
 T - an amulet of faith (around neck)
 Y - a +5 ring of dexterity (right hand)
Wands
 f - a wand of digging (9/24)
 i - a wand of random effects (34/48)
 l - a wand of confusion (4/48)
 q - a wand of disintegration (0/24)
 v - a wand of random effects (20/48)
 y - a wand of iceblast (0/15)
 B - a wand of polymorph (3/24)
 H - a wand of scattershot (0/9)
 J - a wand of lightning (0/15)
 R - a wand of acid (0/15)
Scrolls
 j - a scroll of enchant armour
 t - 7 scrolls of teleportation
 u - 3 scrolls of recharging
 E - a scroll of acquirement {unknown}
 K - a scroll of enchant weapon
 V - 2 scrolls of identify
Potions
 d - a potion of brilliance
 h - 3 potions of agility
 k - 4 potions of curing
 n - 7 potions of lignification
 s - 2 potions of flight
 w - a potion of cancellation
 x - a potion of degeneration
 z - a potion of haste
 C - 2 potions of berserk rage
 G - 2 potions of invisibility {unknown}
 L - 3 potions of mutation {unknown}
 M - a potion of heal wounds {unknown}
 N - a potion of ambrosia {unknown}
Books
 b - a Young Poisoner's Handbook

   Spells                             Type                      Level
   a - Sting                          Conjuration/Poison           1
   b - Poisonous Vapours              Poison/Air                   2
   c - Mephitic Cloud                 Conjuration/Poison/Air       3
   d - Olgreb's Toxic Radiance        Poison                       4
   e - Venom Bolt                     Conjuration/Poison           5
 r - a book of Maledictions

   Spells                             Type                      Level
   a - Corona                         Hexes                        1
   b - Ensorcelled Hibernation        Hexes/Ice                    2
   c - Confuse                        Hexes                        3
   d - Tukima's Dance                 Hexes                        3
   e - Dazzling Spray                 Conjuration/Hexes            3
 S - a book of Power

   Spells                             Type                      Level
   a - Iskenderun's Battlesphere      Conjuration/Charms           5
   b - Venom Bolt                     Conjuration/Poison           5
   c - Bolt of Magma                  Conjuration/Fire/Earth       5
   d - Iron Shot                      Conjuration/Earth            6
   e - Orb of Destruction             Conjuration                  7
   f - Spellforged Servitor           Conjuration/Summoning        7
Comestibles
 a - 12 chunks of flesh
 c - 6 bread rations
 m - 6 royal jellies
 A - 41 fruits
 F - 5 meat rations


   Skills:
 - Level 8.8 Fighting
 - Level 7.0 Maces & Flails
 - Level 7.0 Armour
 - Level 7.3 Dodging
 - Level 5.0 Stealth
 - Level 7.0 Spellcasting
 + Level 9.7 Conjurations
 - Level 5.8 Fire Magic
 - Level 4.6 Air Magic
 + Level 9.4 Poison Magic


You had 3 spell levels left.
You knew the following spells:

 Your Spells              Type           Power        Failure   Level  Hunger
a - Sting                 Conj/Pois      ####         1%          1    None
b - Poisonous Vapours     Pois/Air       ####..       1%          2    None
c - Mephitic Cloud        Conj/Pois/Air  #####...     1%          3    #......
d - Olgreb's Toxic Radia  Pois           #####...     1%          4    ###....
e - Conjure Flame         Conj/Fire      #####...     1%          3    #......
f - Venom Bolt            Conj/Pois      #####.....   2%          5    #####..
g - Fireball              Conj/Fire      #####.....   4%          5    #####..


Dungeon Overview and Level Annotations

Branches:
Dungeon (12/15)            Temple (1/1) D:5            Lair (3/6) D:10
 Spider (0/4) Lair:2
  Swamp: Lair:2-4    Shoals: Lair:2-4       Orc: D:9-12

Altars:
Ashenzari
Cheibriados
Dithmenos
Elyvilon
Fedhas
Gozag
Hepliaklqana
Kikubaaqudgha
Makhleb
Nemelex Xobeh
Okawaru
Qazlal
Ru
Sif Muna
Trog
Uskayaw
Vehumet
Wu Jian
Xom
Yredelemnul
Zin
The Shining One

Annotations:
D:4 exclusion: hippogriff, Eustachio
D:6 exclusion: 2 doors


Innate Abilities, Weirdness & Mutations

You are resistant to torment.
Your stone body is resilient. (AC +9)
You are immune to poison.
You resist negative energy. (rN+)
You are resistant to electric shocks. (rElec)
You can survive without breathing.
You are immune to petrification.
You are immune to rotting.


Message History

The lindwurm looks even sicker.
The black mamba bites the plant!!
The lindwurm breathes flames at you. The blast of flame hits you!
* * * LOW HITPOINT WARNING * * *
Press: ? - help, v - describe, . - travel
Here: a lindwurm (severely wounded, poisoned, catching its breath)
The floor.
Blink to where?
Press: ? - help, Dir - move target cursor, p - black mamba You are very lightly contaminated with residual magic.
As you read the scroll of blinking, it crumbles to dust.
The lindwurm looks even sicker.
Your toxic aura wanes.
You enter the shallow water.
Moving in this stuff is going to be slow.
Found a stone staircase leading up.
There is a stone staircase leading up here.
The lindwurm breathes flames at you. The blast of flame hits you!
You die...

.........##.###
#....P#.......### ##
#....##........≈####.##
#....P#...#...≈.≈.≈.#≈##
#...........≈≈≈≈≈≈≈≈≈#.#
.........#..≈≈≈≈≈≈≈≈≈...
...........≈≈≈≈≈≈≈≈≈≈.#
...####.#.#.≈≈≈≈..≈≈≈.##
.### #....≈≈≈≈≈@.≈≈≈≈.#
..# #####≈≈≈≈.≈≈≈≈≈.##
♣...#### #P.≈≈§≈≈≈≈≈≈..<
.##.....♣♣♣.≈§≈≈≈≈≈≈≈..#
.#.....P≈≈#..≈≈≈≈≈≈≈≈#.#
##.#...≈≈P.k≈...≈...## #
..P..♣≈♣...≈#P......
......≈...#########..
.##........# ..


There were no monsters in sight!

Vanquished Creatures
  Gastronok (Lair:1)
  2 hydras
  4 two-headed ogres
  5 death yaks
  A centaur zombie (D:10)
  4 elephants (Lair:2)
  2 black mambas
  4 spiny frogs
  2 komodo dragons (Lair:1)
  4 trolls
  3 jumping spiders (Lair:2)
  A hornet (Lair:1)
  4 hippogriffs
  2 dream sheep (D:8)
  2 redbacks (Lair:2)
  21 yaks
  A vampire (D:10)
  A spriggan (Lair:1)
  Edmund (D:4)
  4 hungry ghosts
  6 water moccasins
  Duvessa (D:4)
  6 porcupines
  An orc warrior (D:10)
  3 ice beasts
  2 sky beasts (D:9)
  2 black bears
  11 ogres
  27 wolves
  6 centaurs
  4 crocodiles
  4 big kobolds
  11 bullfrogs
  A water moccasin zombie (D:9)
  5 scorpions
  Dowan (D:4)
  13 killer bees
  14 wights
  5 howler monkeys
  5 electric eels
  A bullfrog zombie (D:10)
  6 crimson imps
  3 quasits
  2 centaur skeletons
  8 hounds
  3 jellies
  A bullfrog skeleton (D:4)
  7 iguanas
  4 orc wizards
  6 worker ants
  A hound zombie (D:11)
  A worker ant zombie (D:6)
  A howler monkey zombie (D:9)
  3 gnolls (D:6)
  A howler monkey skeleton (D:4)
  19 adders
  A river rat (D:6)
  2 shadow imps
  An ooze (D:1)
  An adder zombie (D:8)
  3 worms
  A dart slug (D:2)
  6 leopard geckos
  34 orcs
  4 ball pythons
  6 bats
  4 giant cockroaches
  3 hobgoblins
  22 jackals
  5 quokkas
  5 frilled lizards
  12 goblins
  7 kobolds
  11 rats
392 creatures vanquished.

Vanquished Creatures (others)
  6 fungi
  7 plants
13 creatures vanquished.

Grand Total: 405 creatures vanquished

Notes
Turn   | Place    | Note
-------+----------+-------------------------------------------
     0 | D:1      | Lochraine the Gargoyle Venom Mage began the quest for the Orb.
     0 | D:1      | Reached XP level 1. HP: 10/10 MP: 3/3
   127 | D:1      | Reached XP level 2. HP: 15/15 MP: 5/5
   617 | D:1      | Reached XP level 3. HP: 8/19 MP: 4/6
  1340 | D:2      | Reached XP level 4. HP: 12/24 MP: 4/7
  1557 | D:2      | Learned a level 2 spell: Poisonous Vapours
  2511 | D:3      | Reached skill level 1 in Air Magic
  2521 | D:3      | Reached XP level 5. HP: 25/28 MP: 1/9
  2687 | D:3      | Found a faded altar of an unknown god.
  3291 | D:4      | Reached XP level 6. HP: 31/32 MP: 7/10
  3393 | D:4      | Noticed Duvessa
  3393 | D:4      | Noticed Dowan
  3600 | D:4      | Noticed Edmund
  3613 | D:4      | Killed Edmund
  3746 | D:4      | Noticed a hippogriff
  3839 | D:4      | Reached XP level 7. HP: 35/36 MP: 12/12
  3923 | D:4      | Noticed Eustachio
  3969 | D:4      | Killed Duvessa
  3969 | D:4      | Reached skill level 5 in Poison Magic
  3973 | D:4      | Killed Dowan
  4023 | D:5      | Entered Level 5 of the Dungeon
  4114 | D:5      | Learned a level 3 spell: Mephitic Cloud
  4119 | D:5      | Learned a level 4 spell: Olgreb's Toxic Radiance
  4556 | D:5      | Found a staircase to the Ecumenical Temple.
  4566 | Temple   | Entered the Ecumenical Temple
  4743 | Temple   | Became a worshipper of Vehumet
  4856 | D:5      | Reached skill level 5 in Conjurations
  4856 | D:5      | Reached XP level 8. HP: 41/41 MP: 4/14
  4990 | D:5      | Found a glowing golden altar of the Shining One.
  5178 | D:5      | Noticed a two-headed ogre
  5243 | D:5      | Killed a two-headed ogre
  5243 | D:5      | Reached skill level 5 in Spellcasting
  5243 | D:5      | Reached XP level 9. HP: 45/45 MP: 7/16
  6074 | D:6      | Reached skill level 1 in Fighting
  6084 | D:6      | Reached * piety under Vehumet
  6084 | D:6      | Offered knowledge of Shock by Vehumet.
  6265 | D:6      | Found a glowing drain.
  6821 | D:6      | Reached skill level 1 in Maces & Flails
  7215 | D:7      | Found a white marble altar of Elyvilon.
  7927 | D:8      | Reached XP level 10. HP: 37/56 MP: 9/18
  8020 | D:8      | Noticed a two-headed ogre
  8043 | D:8      | Killed a two-headed ogre
  8498 | D:8      | Reached skill level 5 in Maces & Flails
  8499 | D:8      | Offered knowledge of Magic Dart by Vehumet.
  8513 | D:8      | Found a burning altar of Makhleb.
  8559 | D:8      | Reached ** piety under Vehumet
  8808 | D:8      | Reached skill level 5 in Fighting
  8932 | D:8      | Noticed a three-headed hydra
  8949 | D:8      | Killed a three-headed hydra
  9324 | D:8      | Reached skill level 5 in Dodging
  9324 | D:8      | Reached XP level 11. HP: 61/64 MP: 11/19
  9448 | D:8      | Noticed a two-headed ogre
  9465 | D:8      | Killed a two-headed ogre
  9602 | D:8      | Reached skill level 5 in Stealth
 10104 | D:9      | Reached skill level 1 in Armour
 10501 | D:9      | Found an iron altar of Okawaru.
 10569 | D:9      | Offered knowledge of Conjure Flame by Vehumet.
 10603 | D:9      | Learned a level 3 spell: Conjure Flame
 10719 | D:9      | Reached *** piety under Vehumet
 10719 | D:9      | Reached skill level 1 in Fire Magic
 11048 | D:10     | Entered Level 10 of the Dungeon
 11049 | D:10     | Upgraded the game from 0.20-a0-959-gdc9e609 to 0.20-a0-967-g62cfa5d
 11102 | D:10     | Learned a level 5 spell: Venom Bolt
 11474 | D:10     | Offered knowledge of Static Discharge by Vehumet.
 11692 | D:10     | Found a staircase to the Lair.
 12226 | D:10     | Reached **** piety under Vehumet
 12319 | D:11     | Noticed a two-headed ogre
 12372 | D:10     | Killed a two-headed ogre
 12473 | D:10     | Offered knowledge of Fireball by Vehumet.
 12557 | D:10     | Reached XP level 12. HP: 32/71 MP: 19/22
 12736 | D:11     | Got a dazzling helmet
 12747 | D:11     | Identified the +2 helmet of Icrapiba {rCorr} (You found it on level 11 of the Dungeon)
 13225 | D:11     | Learned a level 5 spell: Fireball
 13299 | Lair:1   | Entered Level 1 of the Lair of Beasts
 13442 | Lair:1   | Noticed Gastronok
 13461 | Lair:1   | Killed Gastronok
 13898 | Lair:1   | Noticed a spriggan rider
 13911 | Lair:1   | Reached ***** piety under Vehumet
 13913 | Lair:1   | Offered knowledge of Bolt of Fire by Vehumet.
 13972 | Lair:1   | Reached skill level 5 in Armour
 14294 | Lair:2   | Found a hole to the Spider Nest.
 14294 | Lair:2   | Noticed a five-headed hydra
 14466 | Lair:2   | Killed a five-headed hydra
 14547 | Lair:2   | Reached skill level 5 in Fire Magic
 14638 | Lair:2   | Noticed a death yak
 14718 | Lair:2   | Reached XP level 13. HP: 38/79 MP: 5/23
 15176 | Lair:2   | HP: 4/80 [spiny frog (9)]
 15523 | Lair:2   | Upgraded the game from 0.20-a0-967-g62cfa5d to 0.20-a0-984-ge8aa303
 15822 | Lair:3   | Offered knowledge of Iskenderun's Mystic Blast by Vehumet.
 15845 | Lair:3   | HP: 2/80 [lindwurm/blast of flame (31)]
 15852 | Lair:3   | Killed from afar by a lindwurm

Vault maps used:
D:1:      tarquinn_simple_flora_water_d, kennysheep_another_room,
          minmay_door_square
D:2:      first_bread
D:3:      chequers_ecumenical_altar_simple_redux
D:4:      uniq_eustachio, uniq_duvessa, uniq_edmund
D:5:      minmay_temple_entry_fiery, tso_metal_star
D:6:      cheibrodos_two_vegetables, portal_sewer_entry_a
D:7:      lemuel_round_altar
D:8:      hangedman_ranch, bloody_makhleb
D:9:      basic_altar
D:10:     erik_lair_island
D:12:     david_orc_2, uniq_frances
Temple:   kilobyte_greek_temple
Lair:1:   serial_bayou, serial_bayou_lagoon_b, serial_bayou_pond_a,
          serial_bayou_pond_c, serial_bayou_lake_a,
          grunt_forest_large_clearings, uniq_gastronok
Lair:2:   nicolae_spider_entry_tight_spaces
Lair:3:   serial_bayou, serial_bayou_pond_b, serial_bayou_pond_e,
          serial_bayou_pond_e, serial_bayou_pond_c, grunt_megastairs_4,
          infiniplex_staircase_pool_2, uniq_fannar

Skill      XL: |  1  2  3  4  5  6  7  8  9 10 11 12 13 |
---------------+----------------------------------------+-----
Conjurations   | 2 3 4 5 6 7 8 9 |  9.7
Air Magic      | 1 2 3 4 |  4.6
Poison Magic   | 4 5 6 7 8 9 |  9.4
Spellcasting   | 3 4 5 6 7 |  7.0
Dodging        | 3 5 7 |  7.3
Fighting       | 3 5 6 8 |  8.8
Maces & Flails | 3 6 7 |  7.0
Stealth        | 4 5 |  5.0
Armour         | 2 5 7 |  7.0
Fire Magic     | 1 5 |  5.8

Action                   |  1- 3 |  4- 6 |  7- 9 | 10-12 | 13-15 || total
-------------------------+-------+-------+-------+-------+-------++-------
Melee: Unarmed           |    12 |       |       |       |       ||    12
       Dagger            |   126 |   162 |   247 |       |       ||   535
       Flail             |       |       |    79 |   937 |   179 ||  1195
       Rapier            |       |       |     8 |       |       ||     8
Throw: Throwing net      |       |       |       |     2 |       ||     2
 Cast: Sting             |    49 |    32 |   107 |    83 |    23 ||   294
       Poisonous Vapours |       |    23 |    28 |    44 |    13 ||   108
       Mephitic Cloud    |       |       |     8 |    12 |     1 ||    21
       Olgreb's Toxic Ra |       |       |     1 |    20 |     6 ||    27
       Venom Bolt        |       |       |       |    15 |     6 ||    21
       Conjure Flame     |       |       |       |     6 |     2 ||     8
       Fireball          |       |       |       |     5 |     8 ||    13
Evoke: Wand              |       |       |     5 |    30 |     7 ||    42
  Use: Scroll            |       |     5 |     4 |    12 |     5 ||    26
       Potion            |       |       |       |     5 |       ||     5
 Stab: Sleeping          |     3 |     3 |     2 |     2 |       ||    10
       Confused          |       |       |     3 |     2 |       ||     5
       Distracted        |       |       |     1 |     1 |       ||     2
  Eat: Chunk             |     2 |    10 |    14 |    27 |     4 ||    57
       Royal jelly       |       |       |       |     3 |       ||     3
       Fruit             |       |       |       |     1 |       ||     1
       Bread ration      |       |       |       |     3 |       ||     3
       Meat ration       |       |       |       |       |     1 ||     1
Armor: Robe              |    52 |    24 |   133 |     6 |       ||   215
       Leather armour    |       |    21 |       |   316 |       ||   337
       Troll leather arm |       |       |       |   410 |   104 ||   514
Dodge: Dodged            |   113 |   109 |   252 |   852 |   153 ||  1479
